PL
CHICAGO GOLD SOX @ PHILADELPHIA 1776 BC
07/20/2033
 
TOP OF THE 1ST
Chicago Gold Sox batting - Pitching for Philadelphia 1776 BC : RHP Elroy Thompkins
Pitching: RHP Elroy Thompkins
Batting: RHB Jay Hood 0-0: Ball
1-0: Called Strike
1-1: Called Strike
1-2: Ground out 6-3 (Groundball, 6D)
Batting: LHB Count Dante 0-0: Fly out, F6 (Flyball, 6MD)
Batting: RHB Shimei Miura 0-0: Called Strike
0-1: Ground out 6-3 (Groundball, 56D)
Top of the 1st over - 0 runs, 0 hits, 0 errors, 0 left on base; Chicago 0 - Philadelphia 1776 0
BOTTOM OF THE 1ST
Philadelphia 1776 BC batting - Pitching for Chicago Gold Sox : RHP Ryunosuke Kurota
Pitching: RHP Ryunosuke Kurota
Batting: SHB Sam Quint 0-0: Ball
1-0: SINGLE (Flyball, 89S)
Batting: LHB Kelvin Abbott 0-0: Swinging Strike
0-1: Called Strike
0-2: Fly out, F8 (Line Drive, 8RXD)
Batting: RHB Karl Blanke 0-0: Ball
1-0: Foul Ball, location: 2F
1-1: Ball
2-1: Grounds into double play, 4-6-3 (Groundball, 4M)
Bottom of the 1st over - 0 runs, 1 hit, 0 errors, 0 left on base; Chicago 0 - Philadelphia 1776 0
TOP OF THE 2ND
Chicago Gold Sox batting - Pitching for Philadelphia 1776 BC : RHP Elroy Thompkins
Batting: RHB Ramón Rodríguez 0-0: Ball
1-0: Foul Ball, location: 2F
1-1: Swinging Strike
1-2: Strikes out swinging
Batting: SHB Lupo Cotto 0-0: Called Strike
0-1: Ball
1-1: Called Strike
1-2: Foul Ball, location: 2F
1-2: Fly out, F8 (Flyball, 78D)
Batting: RHB Hirohisa Ogasawara 0-0: Ground out 3-1 (Groundball, 34S)
Top of the 2nd over - 0 runs, 0 hits, 0 errors, 0 left on base; Chicago 0 - Philadelphia 1776 0
BOTTOM OF THE 2ND
Philadelphia 1776 BC batting - Pitching for Chicago Gold Sox : RHP Ryunosuke Kurota
Batting: LHB Manoo Satyavrat 0-0: Ball
1-0: Ball
2-0: Ball
3-0: Called Strike
3-1: Base on Balls
Batting: RHB Kent Summey 0-0: Ball
Manoo Satyavrat steals 2nd base
1-0: Ground out 3-1 (Groundball, 3S)
Manoo Satyavrat to third
Batting: RHB Eddie Sachs 0-0: Ball
1-0: Ball
2-0: Ball
3-0: Called Strike
3-1: Called Strike
3-2: Foul Ball, location: 2F
3-2: Foul Ball, location: 2F
3-2: SINGLE (Groundball, 56D)
Manoo Satyavrat scores
Batting: LHB Jake Grant 0-0: Fly out, F5 (Popup, 56S)
Batting: RHB Kevin Malone 0-0: Called Strike
0-1: Ball
1-1: Called Strike
1-2: Strikes out swinging
Bottom of the 2nd over - 1 run, 1 hit, 0 errors, 1 left on base; Chicago 0 - Philadelphia 1776 1
TOP OF THE 3RD
Chicago Gold Sox batting - Pitching for Philadelphia 1776 BC : RHP Elroy Thompkins
Batting: RHB Gustavo Mateo 0-0: Called Strike
0-1: Ball
1-1: Called Strike
1-2: Ball
2-2: Strikes out swinging
Batting: RHB Zeus Preckwinkle 0-0: Called Strike
0-1: Ball
1-1: Called Strike
1-2: Strikes out looking
Batting: RHB Pedro Torres 0-0: Ball
1-0: Called Strike
1-1: Fly out, F6 (Line Drive, 6M)
Top of the 3rd over - 0 runs, 0 hits, 0 errors, 0 left on base; Chicago 0 - Philadelphia 1776 1
BOTTOM OF THE 3RD
Philadelphia 1776 BC batting - Pitching for Chicago Gold Sox : RHP Ryunosuke Kurota
Batting: RHB Mikko Haataja 0-0: Ball
1-0: Foul Ball, location: 2F
1-1: Ball
2-1: DOUBLE (Groundball, 5L)
Batting: SHB Sam Quint 0-0: Ball
1-0: SINGLE (Line Drive, 89S)
Mikko Haataja to third
Runner from 3rd tries for Home, SAFE, throw made home
Batting: LHB Kelvin Abbott 0-0: Ground out U3 (Groundball, 3)
Sam Quint to second
Batting: RHB Karl Blanke 0-0: Ball
1-0: Ball
2-0: Foul Ball, location: 2F
2-1: Fly out, F7 (Flyball, 7)
Batting: LHB Manoo Satyavrat 0-0: Foul Ball, location: 2F
0-1: Foul Ball, location: 2F
0-2: Foul Ball, location: 2F
0-2: Fly out, F7 (Flyball, 7LS)
Bottom of the 3rd over - 1 run, 2 hits, 0 errors, 1 left on base; Chicago 0 - Philadelphia 1776 2
TOP OF THE 4TH
Chicago Gold Sox batting - Pitching for Philadelphia 1776 BC : RHP Elroy Thompkins
Batting: RHB Jay Hood 0-0: Ball
1-0: Swinging Strike
1-1: Swinging Strike
1-2: Foul Ball, location: 2F
1-2: Ground out 5-3 (Groundball, 56)
Batting: LHB Count Dante 0-0: Ground out 6-3 (Groundball, 6)
Batting: RHB Shimei Miura 0-0: Ball
1-0: Foul Ball, location: 2F
1-1: Ground out 6-3 (Groundball, 6)
Top of the 4th over - 0 runs, 0 hits, 0 errors, 0 left on base; Chicago 0 - Philadelphia 1776 2
BOTTOM OF THE 4TH
Philadelphia 1776 BC batting - Pitching for Chicago Gold Sox : RHP Ryunosuke Kurota
Batting: RHB Kent Summey 0-0: Called Strike
0-1: Ball
1-1: Foul Ball, location: 2F
1-2: Strikes out swinging
Batting: RHB Eddie Sachs 0-0: Ball
1-0: DOUBLE (Line Drive, 5D)
Batting: LHB Jake Grant 0-0: Called Strike
0-1: SINGLE (Groundball, 4MD)
Eddie Sachs to third
Batting: RHB Kevin Malone 0-0: Ball
1-0: Called Strike
1-1: SINGLE (Line Drive, 7S)
Eddie Sachs scores
Jake Grant to second
Batting: RHB Mikko Haataja 0-0: Ball
1-0: SINGLE (Groundball, 4MD)
Jake Grant to third
Kevin Malone to second
Batting: SHB Sam Quint 0-0: Fly out, F9 (Line Drive, 9LM)
Runner from 3rd tags up, SCORES, no throw
Batting: LHB Kelvin Abbott 0-0: Foul Ball, location: 2F
0-1: Ball
1-1: Ball
2-1: Ground out 4-3 (Groundball, 4)
Bottom of the 4th over - 2 runs, 4 hits, 0 errors, 2 left on base; Chicago 0 - Philadelphia 1776 4
TOP OF THE 5TH
Chicago Gold Sox batting - Pitching for Philadelphia 1776 BC : RHP Elroy Thompkins
Batting: RHB Ramón Rodríguez 0-0: DOUBLE (Line Drive, 78D)
Batting: SHB Lupo Cotto 0-0: SINGLE (Line Drive, 8RS)
Ramón Rodríguez to third
Batting: RHB Hirohisa Ogasawara 0-0: Called Strike
Lupo Cotto is caught stealing 2nd base
0-1: Fly out, F7 (Flyball, 78S)
Runner from 3rd tags up, SCORES, throw made
Batting: RHB Gustavo Mateo 0-0: Ball
1-0: Foul Ball, location: 2F
1-1: Foul Ball, location: 2F
1-2: Foul Ball, location: 2F
1-2: Strikes out swinging
Top of the 5th over - 1 run, 2 hits, 0 errors, 0 left on base; Chicago 1 - Philadelphia 1776 4
BOTTOM OF THE 5TH
Philadelphia 1776 BC batting - Pitching for Chicago Gold Sox : RHP Ryunosuke Kurota
Batting: RHB Karl Blanke 0-0: Swinging Strike
0-1: Ball
1-1: Ball
2-1: Foul Ball, location: 2F
2-2: Foul Ball, location: 2F
2-2: Strikes out looking
Batting: LHB Manoo Satyavrat 0-0: Ball
1-0: Foul Ball, location: 2F
1-1: Foul Ball, location: 2F
1-2: Ball
2-2: Ball
3-2: Fly out, F9 (Flyball, 9D)
Batting: RHB Kent Summey 0-0: Swinging Strike
0-1: Ball
1-1: Fly out, F8 (Flyball, 8RD)
Bottom of the 5th over - 0 runs, 0 hits, 0 errors, 0 left on base; Chicago 1 - Philadelphia 1776 4
TOP OF THE 6TH
Chicago Gold Sox batting - Pitching for Philadelphia 1776 BC : RHP Elroy Thompkins
Batting: RHB Zeus Preckwinkle 0-0: Ball
1-0: Ball
2-0: Ball
3-0: Base on Balls
Batting: RHB Pedro Torres Pickoff Throw to First - Error! E1
Zeus Preckwinkle to second
0-0: Ground out 5-3 (Groundball, 56)
Batting: RHB Jay Hood 0-0: Called Strike
0-1: Ball
1-1: Swinging Strike
1-2: Ball
2-2: Fly out, F9 (Flyball, 89M)
Batting: LHB Count Dante 0-0: Called Strike
0-1: Ball
1-1: Swinging Strike
1-2: Fly out, F6 (Popup, P)
Top of the 6th over - 0 runs, 0 hits, 1 error, 1 left on base; Chicago 1 - Philadelphia 1776 4
BOTTOM OF THE 6TH
Philadelphia 1776 BC batting - Pitching for Chicago Gold Sox : RHP Ryunosuke Kurota
Batting: RHB Eddie Sachs 0-0: Called Strike
0-1: Foul Ball, location: 2F
0-2: Ball
1-2: Ball
2-2: Fly out, F4 (Line Drive, 4M)
Batting: LHB Jake Grant 0-0: Called Strike
0-1: Swinging Strike
0-2: DOUBLE (Line Drive, 8RD)
Batting: RHB Kevin Malone 0-0: Ball
1-0: Ball
2-0: Ball
3-0: Base on Balls
Batting: RHB Mikko Haataja 0-0: Called Strike
0-1: Ball
1-1: Ball
2-1: Foul Ball, location: 2F
2-2: Foul Ball, location: 2F
2-2: Ball
3-2: Foul Ball, location: 2F
3-2: Foul Ball, location: 2F
3-2: Base on Balls
Jake Grant to third
Kevin Malone to second
Batting: SHB Sam Quint 0-0: Ball
Wild Pitch!
Jake Grant scores
Kevin Malone to third
Mikko Haataja to second
1-0: Ball
2-0: Ball
3-0: Called Strike
3-1: Base on Balls
Pitching: RHP Tom McKee
Batting: LHB Kelvin Abbott 0-0: Ball
1-0: Called Strike
1-1: SINGLE (Line Drive, 34D)
Kevin Malone scores
Mikko Haataja to third
Sam Quint to second
Runner from 3rd tries for Home, SAFE, no throw
Batting: RHB Karl Blanke 0-0: Ball
1-0: Ball
2-0: Foul Ball, location: 2F
2-1: Foul Ball, location: 2F
2-2: SINGLE (Flyball, 9LS)
Sam Quint to third
Kelvin Abbott to second
Runner from 3rd tries for Home, SAFE, no throw
Batting: LHB Manoo Satyavrat 0-0: Called Strike
0-1: Foul Ball, location: 2F
0-2: Strikes out swinging
Batting: RHB Kent Summey 0-0: Called Strike
0-1: Fly out, F8 (Flyball, 8LM)
Bottom of the 6th over - 4 runs, 3 hits, 0 errors, 2 left on base; Chicago 1 - Philadelphia 1776 8
TOP OF THE 7TH
Chicago Gold Sox batting - Pitching for Philadelphia 1776 BC : RHP Elroy Thompkins
Batting: RHB Shimei Miura 0-0: Foul Ball, location: 2F
0-1: Ball
1-1: SINGLE (Line Drive, 78S)
Batting: RHB Ramón Rodríguez 0-0: Ball
1-0: Called Strike
1-1: Ball
2-1: Ball
3-1: Called Strike
3-2: Foul Ball, location: 2F
Balk!
Shimei Miura to second
3-2: Ground out 6-3 (Groundball, 6S)
Shimei Miura to third
Batting: SHB Lupo Cotto 0-0: Fly out, F8 (Flyball, 8RM)
Runner from 3rd tags up, SCORES, throw made
Batting: RHB Hirohisa Ogasawara 0-0: Ball
1-0: Swinging Strike
1-1: Fly out, F7 (Flyball, 7S)
Top of the 7th over - 1 run, 1 hit, 0 errors, 0 left on base; Chicago 2 - Philadelphia 1776 8
BOTTOM OF THE 7TH
Philadelphia 1776 BC batting - Pitching for Chicago Gold Sox : RHP Tom McKee
Batting: RHB Eddie Sachs 0-0: Fly out, F3 (Popup, 3F)
Batting: LHB Jake Grant 0-0: Swinging Strike
0-1: Fly out, F6 (Popup, 6M)
Batting: RHB Kevin Malone 0-0: Ball
1-0: Foul Ball, location: 2F
1-1: Ball
2-1: Ball
3-1: Foul Ball, location: 2F
3-2: Fly out, F8 (Flyball, 89M)
Bottom of the 7th over - 0 runs, 0 hits, 0 errors, 0 left on base; Chicago 2 - Philadelphia 1776 8
TOP OF THE 8TH
Chicago Gold Sox batting - Pitching for Philadelphia 1776 BC : RHP Elroy Thompkins
Batting: RHB Gustavo Mateo 0-0: SINGLE (Groundball, 56D)
Batting: RHB Zeus Preckwinkle 0-0: Ball
1-0: Ball
2-0: Called Strike
2-1: Foul Ball, location: 2F
2-2: Fielders Choice at 2nd, 4-6 (Groundball, 4MD)
Batting: RHB Pedro Torres 0-0: Ball
1-0: Ball
2-0: Ball
3-0: Called Strike
3-1: Fly out, F7 (Flyball, 7LMF)
Batting: RHB Jay Hood 0-0: Ground out 4-3 (Groundball, 4)
Top of the 8th over - 0 runs, 1 hit, 0 errors, 1 left on base; Chicago 2 - Philadelphia 1776 8
BOTTOM OF THE 8TH
Philadelphia 1776 BC batting - Pitching for Chicago Gold Sox : RHP Tom McKee
Batting: RHB Mikko Haataja 0-0: Ball
1-0: Called Strike
1-1: Swinging Strike
1-2: Strikes out swinging
Batting: SHB Sam Quint 0-0: Ball
1-0: Foul Ball, location: 2F
1-1: Single, Error in OF, E8, batter to second base
Batting: LHB Kelvin Abbott 0-0: Ball
1-0: Foul Ball, location: 2F
1-1: Foul Ball, location: 2F
1-2: Fly out, F8 (Line Drive, 8LM)
Batting: RHB Karl Blanke 0-0: Ball
1-0: Foul Ball, location: 2F
1-1: 2-RUN HOME RUN (Flyball, 7LD), Distance : 360 ft
Batting: LHB Manoo Satyavrat 0-0: Called Strike
0-1: Ball
1-1: Foul Ball, location: 2F
1-2: Ball
2-2: Fly out, F8 (Flyball, 89M)
Bottom of the 8th over - 2 runs, 2 hits, 1 error, 0 left on base; Chicago 2 - Philadelphia 1776 10
TOP OF THE 9TH
Chicago Gold Sox batting - Pitching for Philadelphia 1776 BC : RHP Elroy Thompkins
Batting: LHB Count Dante 0-0: Ball
1-0: Called Strike
1-1: Ball
2-1: Ball
3-1: Foul Ball, location: 2F
3-2: Base on Balls
Pinch Hitting: LHB Shigenobu Ohayashi 0-0: Ball
1-0: SINGLE (Groundball, 34D)
Count Dante to second
Batting: RHB Ramón Rodríguez 0-0: Swinging Strike
0-1: Ball
Wild Pitch!
Count Dante to third
Shigenobu Ohayashi to second
1-1: Swinging Strike
1-2: Ball
2-2: Fly out, F6 (Popup, 6)
Batting: SHB Lupo Cotto 0-0: Ball
1-0: Swinging Strike
1-1: Ground out 1-3 (Groundball, 13)
Batting: RHB Hirohisa Ogasawara 0-0: Ball
1-0: Called Strike
1-1: Foul Ball, location: 2F
1-2: Ball
2-2: Strikes out looking
Top of the 9th over - 0 runs, 1 hit, 0 errors, 2 left on base; Chicago 2 - Philadelphia 1776 10
Saturday, December 22nd, 2018 - OOTP Baseball 18.8 Build 76